TOP OF THE 1ST |
Birmingham Barons batting - Pitching for Detroit X-Wings : RHP Jorge Gómez
|
Pitching: RHP Jorge Gómez
|
|
Batting: SHB Anastasio Ortíz
|
0-0: Foul Ball, location: 2F 0-1: SINGLE (Flyball, 56D)
|
Batting: LHB Curt Walker
|
0-0: Ball 1-0: 2-RUN HOME RUN (Flyball, 89XD), Distance : 417 ft
|
Batting: LHB José Hernández
|
0-0: Called Strike 0-1: Foul Ball, location: 2F 0-2: Foul Ball, location: 2F 0-2: Ball 1-2: Ground out 4-3 (Groundball, 4)
|
Batting: LHB Marc May
|
0-0: Called Strike 0-1: Called Strike 0-2: Ball 1-2: Ground out 6-3 (Groundball, 6M)
|
Batting: RHB Todd Rogers
|
0-0: Called Strike 0-1: Ball 1-1: Ball 2-1: Ground out 5-3 (Groundball, 5L)
|
Top of the 1st over - 2 run(s), 2 hit(s), 0 error(s), 0 left on base; Birmingham 2 - Detroit 0 |
BOTTOM OF THE 1ST |
Detroit X-Wings batting - Pitching for Birmingham Barons : RHP Pedro Valdés
|
Pitching: RHP Pedro Valdés
|
|
Batting: RHB Naomi Kitamura
|
0-0: Ball 1-0: Ball 2-0: Swinging Strike 2-1: Ground out 5-3 (Groundball, 56S)
|
Batting: LHB Ramón Sánchez
|
0-0: Ball 1-0: Ground out 4-3 (Groundball, 4)
|
Batting: RHB Raúl Canó
|
0-0: Called Strike 0-1: Ball 1-1: Fly out, F9 (Flyball, 9M)
|
Bottom of the 1st over - 0 run(s), 0 hit(s), 0 error(s), 0 left on base; Birmingham 2 - Detroit 0 |
TOP OF THE 2ND |
Birmingham Barons batting - Pitching for Detroit X-Wings : RHP Jorge Gómez
|
Batting: RHB Juan Jiménez
|
0-0: Ball 1-0: Foul Ball, location: 2F 1-1: Swinging Strike 1-2: Ball 2-2: Foul Ball, location: 2F 2-2: Ball 3-2: SINGLE (Line Drive, 7LS)
|
Batting: LHB John Haney
|
0-0: Ball 1-0: Ball 2-0: Called Strike 2-1: Ball 3-1: Foul Ball, location: 2F 3-2: Foul Ball, location: 2F 3-2: Base on Balls Juan Jiménez to second
|
Batting: RHB Vicente Elías
|
0-0: Foul Ball, location: 2F 0-1: SINGLE (Flyball, 78S) Juan Jiménez to third John Haney to second Runner from 3rd tries for Home, SAFE, throw made home John Haney to third Vicente Elías to second
|
Batting: RHB David Raymos
|
0-0: Foul Ball, location: 2F 0-1: Called Strike 0-2: SINGLE (Line Drive, 7LS) John Haney scores Vicente Elías to third
|
Batting: SHB Anastasio Ortíz
|
0-0: Ball 1-0: Ball 2-0: Fly out, F8 (Line Drive, 8LM)
|
Batting: LHB Curt Walker
|
0-0: Swinging Strike 0-1: Foul Ball, location: 2F 0-2: Fielders Choice at 2nd, 4-6 (Groundball, 4) Vicente Elías scores
|
Batting: LHB José Hernández
|
0-0: Ball 1-0: Foul Ball, location: 2F 1-1: Foul Ball, location: 2F 1-2: SINGLE (Groundball, 34) Curt Walker to second Runner from 2nd tries for 3rd, SAFE, throw made to third
|
Batting: LHB Marc May
|
0-0: Ball 1-0: Ball 2-0: Fly out, F8 (Flyball, 8RS)
|
Top of the 2nd over - 3 run(s), 4 hit(s), 0 error(s), 2 left on base; Birmingham 5 - Detroit 0 |
BOTTOM OF THE 2ND |
Detroit X-Wings batting - Pitching for Birmingham Barons : RHP Pedro Valdés
|
Batting: RHB Ernesto Acosta
|
0-0: Fly out, F8 (Flyball, 8LM)
|
Batting: RHB Yasuoka Tanaka
|
0-0: Ball 1-0: Ball 2-0: Ball 3-0: Called Strike 3-1: Base on Balls
|
Batting: RHB Chet Decker
|
0-0: Ball 1-0: Ball 2-0: Ball 3-0: Called Strike 3-1: Base on Balls Yasuoka Tanaka to second
|
Batting: RHB Yoshitsune Kamida
|
0-0: Swinging Strike 0-1: Ball 1-1: Ball 2-1: Called Strike 2-2: Ball 3-2: Foul Ball, location: 2F 3-2: Foul Ball, location: 2F 3-2: Foul Ball, location: 2F 3-2: Grounds into double play, 1-6-3 (Groundball, 15S)
|
Bottom of the 2nd over - 0 run(s), 0 hit(s), 0 error(s), 1 left on base; Birmingham 5 - Detroit 0 |
TOP OF THE 3RD |
Birmingham Barons batting - Pitching for Detroit X-Wings : RHP Jorge Gómez
|
Batting: RHB Todd Rogers
|
0-0: Ball 1-0: Called Strike 1-1: Ground out 5-3 (Groundball, 56S)
|
Batting: RHB Juan Jiménez
|
0-0: Ball 1-0: Called Strike 1-1: Ball 2-1: Foul Ball, location: 2F 2-2: Ball 3-2: Base on Balls
|
Batting: LHB John Haney
|
0-0: Called Strike 0-1: Called Strike 0-2: Foul Ball, location: 2F 0-2: Foul Ball, location: 2F 0-2: Ball 1-2: Ball 2-2: Ball 3-2: Base on Balls Juan Jiménez to second
|
Batting: RHB Vicente Elías
|
0-0: Ball 1-0: Fielders Choice at 2nd, 6-4 (Groundball, 6M) Juan Jiménez to third
|
Batting: RHB David Raymos
|
0-0: Ball 1-0: Swinging Strike 1-1: Foul Ball, location: 2F 1-2: Foul Ball, location: 2F 1-2: Strikes out swinging
|
Top of the 3rd over - 0 run(s), 0 hit(s), 0 error(s), 2 left on base; Birmingham 5 - Detroit 0 |
BOTTOM OF THE 3RD |
Detroit X-Wings batting - Pitching for Birmingham Barons : RHP Pedro Valdés
|
Batting: RHB Gary Witt
|
0-0: Ball 1-0: Ball 2-0: Foul Ball, location: 2F 2-1: SINGLE (Line Drive, 6D)
|
Batting: SHB Jaime Montés
|
0-0: Ball 1-0: Ball 2-0: Foul Ball, location: 2F 2-1: Ball 3-1: Base on Balls Gary Witt to second
|
Batting: RHB Naomi Kitamura
|
0-0: Called Strike 0-1: Ball 1-1: Swinging Strike 1-2: Ball 2-2: Grounds into double play, 5-4-3 (Groundball, 56) Gary Witt to third
|
Batting: LHB Ramón Sánchez
|
0-0: Swinging Strike 0-1: Foul Ball, location: 2F 0-2: Ball 1-2: Strikes out looking
|
Bottom of the 3rd over - 0 run(s), 1 hit(s), 0 error(s), 1 left on base; Birmingham 5 - Detroit 0 |
TOP OF THE 4TH |
Birmingham Barons batting - Pitching for Detroit X-Wings : RHP Jorge Gómez
|
Batting: SHB Anastasio Ortíz
|
0-0: Ball 1-0: Ball 2-0: Called Strike 2-1: SOLO HOME RUN (Line Drive, 9LD), Distance : 360 ft
|
Batting: LHB Curt Walker
|
0-0: Ball 1-0: Ball 2-0: Fly out, F7 (Flyball, 78M)
|
Batting: LHB José Hernández
|
0-0: Called Strike 0-1: Ground out 4-3 (Groundball, 4)
|
Batting: LHB Marc May
|
0-0: Called Strike 0-1: Ground out 6-3 (Groundball, 6)
|
Top of the 4th over - 1 run(s), 1 hit(s), 0 error(s), 0 left on base; Birmingham 6 - Detroit 0 |
BOTTOM OF THE 4TH |
Detroit X-Wings batting - Pitching for Birmingham Barons : RHP Pedro Valdés
|
Batting: RHB Raúl Canó
|
0-0: Called Strike 0-1: Ball 1-1: Called Strike 1-2: Strikes out swinging
|
Batting: RHB Ernesto Acosta
|
0-0: Ball 1-0: Foul Ball, location: 2F 1-1: Foul Ball, location: 2F 1-2: Strikes out swinging
|
Batting: RHB Yasuoka Tanaka
|
0-0: Foul Ball, location: 2F 0-1: Swinging Strike 0-2: Ball 1-2: Foul Ball, location: 2F 1-2: Fly out, F9 (Flyball, 9LDF)
|
Bottom of the 4th over - 0 run(s), 0 hit(s), 0 error(s), 0 left on base; Birmingham 6 - Detroit 0 |
TOP OF THE 5TH |
Birmingham Barons batting - Pitching for Detroit X-Wings : RHP Jorge Gómez
|
Batting: RHB Todd Rogers
|
0-0: Called Strike 0-1: Swinging Strike 0-2: Fly out, F9 (Line Drive, 9M)
|
Batting: RHB Juan Jiménez
|
0-0: Called Strike 0-1: SINGLE (Line Drive, 8LS)
|
Batting: LHB John Haney
|
0-0: Ball 1-0: Ball 2-0: DOUBLE (Flyball, 78XD) Juan Jiménez to third
|
Batting: RHB Vicente Elías
|
0-0: SINGLE (Line Drive, 6M) Juan Jiménez scores John Haney to third Runner from 3rd tries for Home, SAFE, no throw or cutoff
|
Pitching: LHP Javier Duarte
|
|
Batting: RHB David Raymos
|
0-0: SINGLE (Groundball, 56D) Vicente Elías to second
|
Batting: SHB Anastasio Ortíz
|
0-0: SINGLE (Groundball, 34S) (infield hit) Vicente Elías to third David Raymos to second
|
Batting: LHB Curt Walker
|
0-0: Called Strike 0-1: Foul Ball, location: 2F 0-2: Fielders Choice at 2nd, 3-6 (Groundball, 3) Vicente Elías scores David Raymos to third
|
Batting: LHB José Hernández
|
0-0: Ball 1-0: Ball 2-0: Ball 3-0: Called Strike 3-1: Base on Balls Curt Walker to second
|
Batting: LHB Marc May
|
0-0: Foul Ball, location: 2F 0-1: Ball 1-1: Ball 2-1: Called Strike 2-2: Strikes out looking
|
Top of the 5th over - 3 run(s), 5 hit(s), 0 error(s), 3 left on base; Birmingham 9 - Detroit 0 |
BOTTOM OF THE 5TH |
Detroit X-Wings batting - Pitching for Birmingham Barons : RHP Pedro Valdés
|
Batting: RHB Chet Decker
|
0-0: Called Strike 0-1: Ball 1-1: Foul Ball, location: 2F 1-2: Ball 2-2: Ball 3-2: Foul Ball, location: 2F 3-2: Strikes out looking
|
Batting: RHB Yoshitsune Kamida
|
0-0: Ball 1-0: Ball 2-0: Swinging Strike 2-1: Ball 3-1: Base on Balls
|
Batting: RHB Gary Witt
|
0-0: Ball 1-0: Ball 2-0: Swinging Strike 2-1: Swinging Strike 2-2: Foul Ball, location: 2F 2-2: Foul Ball, location: 2F 2-2: Ball 3-2: Strikes out looking
|
Batting: SHB Jaime Montés
|
0-0: Foul Ball, location: 2F 0-1: Foul Ball, location: 2F 0-2: Foul Ball, location: 2F 0-2: Foul Ball, location: 2F 0-2: Ball 1-2: Ball 2-2: Ball 3-2: Fly out, F8 (Flyball, 8RM)
|
Bottom of the 5th over - 0 run(s), 0 hit(s), 0 error(s), 1 left on base; Birmingham 9 - Detroit 0 |
TOP OF THE 6TH |
Birmingham Barons batting - Pitching for Detroit X-Wings : LHP Javier Duarte
|
Batting: RHB Todd Rogers
|
0-0: Ball 1-0: Called Strike 1-1: Swinging Strike 1-2: Foul Ball, location: 2F 1-2: Foul Ball, location: 2F 1-2: Strikes out swinging
|
Batting: RHB Juan Jiménez
|
0-0: Called Strike 0-1: Ball 1-1: Foul Ball, location: 2F 1-2: SINGLE (Line Drive, 56)
|
Batting: LHB John Haney
|
0-0: Ball 1-0: Called Strike 1-1: Foul Ball, location: 2F 1-2: Strikes out swinging
|
Batting: RHB Vicente Elías
|
0-0: Ball 1-0: Ball 2-0: Ball 3-0: Base on Balls Juan Jiménez to second
|
Batting: RHB David Raymos
|
0-0: Ball 1-0: Foul Ball, location: 2F 1-1: Fly out, F2 (Popup, 2LF)
|
Top of the 6th over - 0 run(s), 1 hit(s), 0 error(s), 2 left on base; Birmingham 9 - Detroit 0 |
BOTTOM OF THE 6TH |
Detroit X-Wings batting - Pitching for Birmingham Barons : RHP Pedro Valdés
|
Batting: RHB Naomi Kitamura
|
0-0: Bunted foul 0-1: Ball 1-1: Fly out, F6 (Popup, 6D)
|
Batting: LHB Ramón Sánchez
|
0-0: Ball 1-0: Ground out 4-3 (Groundball, 34)
|
Batting: RHB Raúl Canó
|
0-0: Called Strike 0-1: Foul Ball, location: 2F 0-2: Ball 1-2: Ball 2-2: Ball 3-2: Foul Ball, location: 2F 3-2: Fly out, F7 (Line Drive, 8LD)
|
Bottom of the 6th over - 0 run(s), 0 hit(s), 0 error(s), 0 left on base; Birmingham 9 - Detroit 0 |
TOP OF THE 7TH |
Birmingham Barons batting - Pitching for Detroit X-Wings : LHP Javier Duarte
|
Batting: SHB Anastasio Ortíz
|
0-0: Foul Ball, location: 2F 0-1: Ball 1-1: Foul Ball, location: 2F 1-2: SINGLE (Line Drive, 34)
|
Batting: LHB Curt Walker
|
0-0: Ball 1-0: Bunted foul 1-1: Ball 2-1: Sac Bunt - play at first, batter OUT! U3 Anastasio Ortíz to second
|
Batting: LHB José Hernández
|
0-0: Ground out 3-1 (Groundball, 3) Anastasio Ortíz to third
|
Batting: LHB Marc May
|
0-0: Foul Ball, location: 2F 0-1: Ball 1-1: Foul Ball, location: 2F 1-2: Strikes out swinging
|
Top of the 7th over - 0 run(s), 1 hit(s), 0 error(s), 1 left on base; Birmingham 9 - Detroit 0 |
BOTTOM OF THE 7TH |
Detroit X-Wings batting - Pitching for Birmingham Barons : RHP Pedro Valdés
|
Pitching: LHP Paul Moore
|
|
Batting: RHB Ernesto Acosta
|
0-0: Ball 1-0: Swinging Strike 1-1: Called Strike 1-2: SINGLE (Line Drive, 8LS)
|
Batting: RHB Yasuoka Tanaka
|
0-0: Ball 1-0: Foul Ball, location: 2F 1-1: Called Strike 1-2: Foul Ball, location: 2F 1-2: Strikes out swinging
|
Batting: RHB Chet Decker
|
0-0: Ball 1-0: Foul Ball, location: 2F 1-1: Foul Ball, location: 2F 1-2: Ball 2-2: DOUBLE (Flyball, 9D) Ernesto Acosta to third
|
Batting: RHB Yoshitsune Kamida
|
0-0: Ball 1-0: Foul Ball, location: 2F 1-1: Swinging Strike 1-2: Ball 2-2: Ground out 5-3 (Groundball, 56) Ernesto Acosta scores
|
Batting: RHB Gary Witt
|
0-0: Ball 1-0: Ball 2-0: Called Strike 2-1: Ball 3-1: Base on Balls
|
Batting: SHB Jaime Montés
|
0-0: Called Strike 0-1: Ball 1-1: Called Strike 1-2: Strikes out swinging
|
Bottom of the 7th over - 1 run(s), 2 hit(s), 0 error(s), 2 left on base; Birmingham 9 - Detroit 1 |
TOP OF THE 8TH |
Birmingham Barons batting - Pitching for Detroit X-Wings : LHP Javier Duarte
|
Pitching: RHP Aaron Abrams
|
|
Batting: RHB Todd Rogers
|
0-0: Ball 1-0: Ball 2-0: Swinging Strike 2-1: Swinging Strike 2-2: Strikes out looking
|
Batting: RHB Juan Jiménez
|
0-0: Ball 1-0: Ball 2-0: Ball 3-0: Called Strike 3-1: Fly out, F6 (Line Drive, 6)
|
Batting: LHB John Haney
|
0-0: Ball 1-0: Ball 2-0: Ball 3-0: Called Strike 3-1: Called Strike 3-2: Fly out, F7 (Flyball, 7M)
|
Top of the 8th over - 0 run(s), 0 hit(s), 0 error(s), 0 left on base; Birmingham 9 - Detroit 1 |
BOTTOM OF THE 8TH |
Detroit X-Wings batting - Pitching for Birmingham Barons : LHP Paul Moore
|
Now at 2B: Andrew Curran
|
|
Now in LF: Dave Dawson
|
|
Batting: RHB Naomi Kitamura
|
0-0: Ball 1-0: Swinging Strike 1-1: Foul Ball, location: 2F 1-2: Strikes out swinging
|
Batting: LHB Ramón Sánchez
|
0-0: Swinging Strike 0-1: Ball 1-1: Ground out 4-3 (Groundball, 4)
|
Batting: RHB Raúl Canó
|
0-0: Called Strike 0-1: Fly out, F8 (Flyball, 8RXD)
|
Bottom of the 8th over - 0 run(s), 0 hit(s), 0 error(s), 0 left on base; Birmingham 9 - Detroit 1 |
TOP OF THE 9TH |
Birmingham Barons batting - Pitching for Detroit X-Wings : RHP Aaron Abrams
|
Batting: RHB Vicente Elías
|
0-0: Called Strike 0-1: Ball 1-1: Ball 2-1: Ball 3-1: Called Strike 3-2: Foul Ball, location: 2F 3-2: Foul Ball, location: 2F 3-2: Ground out 4-3 (Groundball, 4M)
|
Batting: RHB David Raymos
|
0-0: Swinging Strike 0-1: Foul Ball, location: 2F 0-2: Strikes out swinging
|
Batting: SHB Anastasio Ortíz
|
0-0: Ball 1-0: Ball 2-0: Fly out, F8 (Flyball, 8LM)
|
Top of the 9th over - 0 run(s), 0 hit(s), 0 error(s), 0 left on base; Birmingham 9 - Detroit 1 |
BOTTOM OF THE 9TH |
Detroit X-Wings batting - Pitching for Birmingham Barons : LHP Paul Moore
|
Batting: RHB Ernesto Acosta
|
0-0: Called Strike 0-1: Ball 1-1: Ground out 5-3 (Groundball, 56)
|
Batting: RHB Yasuoka Tanaka
|
0-0: Ball 1-0: Foul Ball, location: 2F 1-1: Swinging Strike 1-2: Ball 2-2: Ground out 5-3 (Groundball, 5S)
|
Batting: RHB Chet Decker
|
0-0: Swinging Strike 0-1: Foul Ball, location: 2F 0-2: Ball 1-2: Foul Ball, location: 2F 1-2: Ball 2-2: Strikes out swinging
|
Bottom of the 9th over - 0 run(s), 0 hit(s), 0 error(s), 0 left on base; Birmingham 9 - Detroit 1 |
|